 Dungeon Crawl Stone Soup version 0.28-a0-535-g6f645e4c1d (webtiles) character file.

Game seed: 8776243647254534397

87 omnomnOMINOUS the Shooter (level 4, -1/30 HPs)
             Began as an Octopode Wanderer on Sept 26, 2021.
             Was a Follower of Trog.
             Slain by a crimson imp (2 damage)
             ... summoned by Natasha
             ... on level 2 of the Dungeon.
             The game lasted 00:03:41 (1789 turns).

omnomnOMINOUS the Shooter (Octopode Wanderer)       Turns: 1789, Time: 00:03:43

Health: -1/30      AC:  1    Str: 11    XL:     4   Next: 51%
Magic:  5/5        EV: 13    Int: 15    God:    Trog [*.....]
Gold:   31         SH:  0    Dex: 11    Spells: 5/5 levels left

rFire   . . .      SeeInvis .   a - +0 long sword (elec)
rCold   . . .      Faith    .   (no shield)
rNeg    . . .      Spirit   .   (helmet restricted)
rPois   .          Reflect  .   (no amulet)
rElec   .          Harm     .   (no ring)
rCorr   .          Rampage  .   (no ring)
Will    .....                   (no ring)
Stlth   +++.......              (no ring)
HPRegen 0.10/turn               (no ring)
MPRegen 0.09/turn               (no ring)
                                (no ring)
                                (no ring)

@: on berserk cooldown, attractive, slowed, very slow
A: almost no armour, amphibious, 8 rings, camouflage 1, gelatinous body 1,
(nimble swimmer 1), tentacles
a: Renounce Religion, Berserk


You were on level 2 of the Dungeon.
You worshipped Trog.
Trog was aware of your devotion.
You visited 1 branch of the dungeon, and saw 2 of its levels.

You collected 31 gold pieces.

Inventory:

Hand Weapons
 a - a +0 long sword of electrocution (weapon)
 b - a +0 shortbow
Missiles
 c - 64 arrows
Scrolls
 d - 3 scrolls of identify {unknown}
 f - a scroll of vulnerability {unknown}


   Skills:
 + Level 2.6 Fighting
 - Level 4.0 Bows
 + Level 2.6 Dodging
 - Level 1.3 Stealth
 - Level 1.0 Shields
 - Level 1.0 Spellcasting
 - Level 2.0 Hexes
 - Level 1.2 Poison Magic


You had 5 spell levels left.
You didn't know any spells.
Your spell library contained the following spells:

 Spells                   Type           Power      Damage    Failure   Level
 Sting                    Tmut/Pois      8%         1d3       19%         1
 Sandblast                Erth           0%         2d4       24%         1
 Poisonous Vapours        Pois/Air       4%         N/A       28%         2
 Mephitic Cloud           Conj/Pois/Air  1%         N/A       54%         3
 Stone Arrow              Conj/Erth      0%         3d7       58%         3
 Olgreb's Toxic Radiance  Pois           4%         N/A       83%         4


Dungeon Overview and Level Annotations

Branches:
Dungeon (2/15)

Altars:
Qazlal
Trog

Annotations:
D:2 Natasha


Innate Abilities, Weirdness & Mutations

You cannot wear most types of armour.
You are amphibious.
You can wear up to eight rings at the same time.
Your skin changes colour to match your surroundings (Stealth+).
Your rubbery body absorbs attacks. (AC +1, EV +1)
((You are camouflaged near water. (Stealth+)))
You have tentacles for arms and can constrict up to eight enemies at once.


Message History

The adder barely misses you.
You closely miss the adder. You grab the adder.
You constrict the adder, but do no damage.
You feel sick. The adder barely misses you.
You slash the adder! Lightning courses through the adder!
You kill the adder!
Trog accepts your kill.
You feel sick.
Unknown command.
You start resting.
You feel sick.
You feel a strong urge to attack something.
You feel sick.
You start resting.
You are no longer berserk.
You are exhausted.
You feel yourself slow down.
You feel sick.
You start resting.
You feel sick. x3
You are no longer poisoned.
You start resting.
Natasha, Servant of Life and Death comes into view.
Natasha is nearby!
Unknown command.
Natasha hisses angrily.
Natasha mumbles some strange words.
Natasha stares at you and mumbles some strange words.
You feel as though you will be slow longer.
You see here an adder corpse.
It was a potion of attraction.
You feel attractive to monsters.
The crimson imp blinks!
The crimson imp is attracted toward you.
Natasha is attracted toward you.
You closely miss Natasha. Your grab misses Natasha. You squeeze Natasha.
Natasha is lightly wounded.
Natasha closely misses you. The crimson imp hits you.
* * * LOW HITPOINT WARNING * * *
Natasha claws you.
* * * LOW HITPOINT WARNING * * *
The crimson imp hits you.
You die...

......#.# #.##.......
##....#.########.##.......
.'...............##.......
##....#.###########.......
.....................[....
##......#§.###############
#####..#.....# .......
#..#h....# #######
#.>#@....# # ##.#.5...#
.######### #.#..§..#
........## #.#..####
.........# #..# #........#
#..# .........# #..#
#.._.....# #..# #.......<#
#.......##


You could see Natasha and a crimson imp (summoned).

Vanquished Creatures
  Natasha (D:2)
  3 adders (D:2)
  4 ball pythons (D:1)
  2 endoplasms (D:1)
  A giant cockroach (D:1)
  6 hobgoblins (D:1)
  2 kobolds (D:1)
  7 bats (D:1)
  4 frilled lizards (D:1)
  7 rats (D:1)
37 creatures vanquished.

Notes
Turn   | Place    | Note
-------+----------+-------------------------------------------
     0 | D:1      | omnomnOMINOUS the Octopode Wanderer began the quest for the
                  | Orb.
     0 | D:1      | omnomnOMINOUS set off with the following items: a +0
                  | shortbow, 25 arrows; and the following spells available to
                  | memorise: Sting, Sandblast, Poisonous Vapours, Mephitic
                  | Cloud, Stone Arrow, Olgreb's Toxic Radiance
     0 | D:1      | Reached XP level 1. HP: 13/13 MP: 1/1
   144 | D:1      | Reached skill level 1 in Dodging
   188 | D:1      | Reached XP level 2. HP: 9/18 MP: 2/2
   409 | D:1      | Found a faded altar of an unknown god.
   429 | D:1      | Reached skill level 1 in Spellcasting
   439 | D:1      | Became a worshipper of Trog the Wrathful
   439 | D:1      | Reached * piety under Trog
   615 | D:1      | Reached XP level 3. HP: 12/23 MP: 4/4
  1291 | D:2      | Found a stormy altar of Qazlal.
  1523 | D:2      | Noticed Natasha
  1532 | D:2      | Killed Natasha
  1533 | D:2      | Reached XP level 4. HP: 9/30 MP: 5/5
  1786 | D:2      | Noticed Natasha
  1789 | D:2      | HP: 1/30 [Natasha (2)]
  1789 | D:2      | Slain by a crimson imp

Illustrated notes

Levels and vault maps discovered:
D:1:      tarquinn_simple_flora_water_d, layout_rooms, basic_ecumenical_altar
D:2:      layout_basic, serial_glass, glass_columns_a, glass_columns_b,
          basic_altar, uniq_natasha

Skill      XL: |  1  2  3 |
---------------+----------+-----
Dodging        | 1 2 |  2.6
Spellcasting   | 1 |  1.0
Fighting       | 2 |  2.6
Bows           | |  4.0
Stealth        | |  1.3
Shields        | |  1.0
Hexes          | |  2.0
Poison Magic   | |  1.2

Action                   |  1- 3 |  4- 6 || total
-------------------------+-------+-------++-------
Melee: Dagger            |    13 |       ||    13
       Constrict         |    16 |     1 ||    17
       Tentacles         |    10 |     2 ||    12
       Short sword       |    18 |       ||    18
       Long sword        |    33 |     8 ||    41
 Fire: Shortbow          |    15 |       ||    15
Invok: Berserk           |     1 |     1 ||     2
  Use: Potion            |       |     1 ||     1
 Stab: Sleeping          |     3 |       ||     3
Armor: Skin              |     7 |       ||     7
Dodge: Dodged            |    45 |    15 ||    60

Table legend: (Time is in decaauts)
 A = Elapsed time spent in this place.
 B = Non-inter-level travel time spent in this place.
 C = Inter-level travel time spent in this place.
 D = Time resting spent in this place.
 E = Time spent auto-exploring this place.
 F = Levels seen in this place.
 G = Mean time per level.
                   A        B        C        D        E       F      G
               +--------+--------+--------+--------+--------+-----+--------+
         Total |   1822 |   1803 |     19 |    847 |    631 |   2 |  911.0 |
       Dungeon |   1822 |   1803 |     19 |    847 |    631 |   2 |  911.0 |
               +--------+--------+--------+--------+--------+-----+--------+

Top non-repeatable levels by time:
     D:1: 1296 daAuts
     D:2: 525 daAuts
